 Dungeon Crawl Stone Soup version 0.30.1-4-g462c640d31 (webtiles) character file.

Game seed: 17476260526073896879

5447 spardeous the Thaumaturge (level 11, -1/85 HPs)
             Began as a Djinni Conjurer on Aug 27, 2023.
             Was an Initiate of Makhleb.
             Slain by an acid dragon (11 damage)
             ... on level 8 of the Dungeon.
             The game lasted 00:14:26 (8988 turns).

spardeous the Thaumaturge (Djinni Conjurer)         Turns: 8988, Time: 00:14:27

Health: -1/85      AC:  4    Str: 10    XL:     11   Next: 0%
Gold:   474        EV: 11    Int: 20    God:    Makhleb [......] SH:  0 Dex: 12

rFire   + + .        B - +8 short sword (freeze)
rCold   . . .        (no shield)
rNeg    + . .        u - +3 leather armour {rC+}
rPois   ∞            (no helmet)
rElec   .            i - +0 cloak
rCorr   .            h - +0 pair of gloves
SInv    .            (boots unavailable)
Will    +....        (no amulet)
Stlth   +            v - ring of positive energy
HPRegen 0.34/turn    (no ring)
MPRegen 0.00/turn

%: infuse magic (-2 HP)
@: corroded, flying
A: sickness immunity, fire resistance 2, cold vulnerability 1, float, innate
caster, HP casting, extra vitality 1
a: Renounce Religion


You were on level 8 of the Dungeon.
You worshipped Makhleb.
Makhleb was noncommittal.
You visited 2 branches of the dungeon, and saw 9 of its levels.

You collected 591 gold pieces.
You spent 117 gold pieces at shops.

Inventory:

Hand Weapons
 x - a +4 spear
 B - a +8 short sword of freezing (weapon)
 I - a +2 war axe of draining
Missiles
 w - a throwing net
Armour
 a - a +0 robe
 g - a +0 ring mail
 h - a +0 pair of gloves (worn)
 i - a +0 cloak (worn)
 u - a +3 leather armour of cold resistance (worn)
 H - +0 swamp dragon scales
Magical Staves
 D - a staff of air
Jewellery
 p - a ring of fire
 v - a ring of positive energy (left hand)
Wands
 d - a wand of paralysis (4)
 s - a wand of polymorph (5)
 t - a wand of digging (5)
 J - a wand of flame (18)
 L - a wand of roots (6)
Scrolls
 b - 4 scrolls of vulnerability
 c - 4 scrolls of teleportation
 k - 3 scrolls of amnesia
 l - 5 scrolls of noise
 q - a scroll of torment
 y - a scroll of identify
 A - a scroll of silence
 C - a scroll of enchant weapon
 E - a scroll of blinking
 K - a scroll of immolation {unknown}
Potions
 e - a potion of attraction
 f - 4 potions of heal wounds
 j - a potion of curing
 m - a potion of cancellation {unknown}
 n - 2 potions of might
 o - a potion of resistance {unknown}
 r - a potion of flight {unknown}
 z - 2 potions of degeneration {unknown}
 F - a potion of berserk rage {unknown}
 G - a potion of ambrosia {unknown}


   Skills:
 + Level 9.8 Fighting
 - Level 2.1 Dodging
 - Level 1.5 Stealth
 - Level 10.0 Spellcasting


You knew the following spells:

 Your Spells              Type           Power      Damage    Failure   Level
a - Magic Dart            Conj           100%       1d8       1%          1
b - Searing Ray           Conj           100%       2d8       1%          2
c - Dazzling Flash        Conj/Hex       100%       N/A       1%          3
d - Fulminant Prism       Conj/Hex       25%        3d13      1%          4
e - Iskenderun's Mystic   Conj/Tloc      50%        2d11      1%          4
f - Kiss of Death         Conj/Necr      100%       2d13      1%          1
g - Lesser Beckoning      Tloc           100%       N/A       1%          2
h - Frozen Ramparts       Ice            100%       1d16      1%          3
i - Passage of Golubria   Tloc           50%        N/A       1%          4
j - Summon Forest         Summ/Tloc      25%        N/A       4%          5
Your spell library was empty.

Dungeon Overview and Level Annotations

Branches:
Dungeon (8/15)             Temple (1/1) D:6
   Lair: D:8-11

Altars:
Ashenzari
Cheibriados
Dithmenos
Elyvilon
Gozag
Hepliaklqana
Makhleb
Nemelex Xobeh
Okawaru
Qazlal
Ru
Trog
Uskayaw
Wu Jian
Xom
Yredelemnul
Zin
The Shining One

Shops:
D:4 *


Innate Abilities, Weirdness & Mutations

You are immune to sickness and miasma.
You are immune to poison.
Your flesh is very heat resistant. (rF++)
You are vulnerable to cold. (rC-)
You float through the air rather than walking.
You learn spells naturally, not from books.
Your magical power is your life essence.
You have superior vitality. (+4 MHP)


Message History

Casting: Iskenderun's Mystic Blast (dangerous; 1% risk of failure)
Confirm with . or Enter, or press ? or * to list all spells.
You erupt in a blast of force!
You take 4 damage, and have 54/85 hp.
You start resting.
An acid dragon is nearby!
You regained 2 hp, and now have 56/85 hp.
Casting: Iskenderun's Mystic Blast (dangerous; 1% risk of failure)
Confirm with . or Enter, or press ? or * to list all spells.
You erupt in a blast of force!
The mystic blast hits the acid dragon!
The acid dragon is heavily wounded.
The acid dragon spits acid at you. The splash of acid hits you!!!
* * * LOW HITPOINT WARNING * * *
The acid corrodes you!
You take 42 damage, and have 14/85 hp.
MASSIVE DAMAGE!!
Casting: Iskenderun's Mystic Blast (dangerous; 1% risk of failure)
Confirm with . or Enter, or press ? or * to list all spells.
You erupt in a blast of force!
The mystic blast hits the acid dragon.
The acid dragon is severely wounded.
The acid dragon is knocked back by the mystic blast.
* * * LOW HITPOINT WARNING * * *
You take 4 damage, and have 10/85 hp.
Casting: Iskenderun's Mystic Blast (dangerous; 1% risk of failure)
Confirm with . or Enter, or press ? or * to list all spells.
You erupt in a blast of force!
The mystic blast hits the acid dragon but does no damage.
The acid dragon is severely wounded.
* * * LOW HITPOINT WARNING * * *
The acid dragon barely misses you. The acid dragon claws you.
* * * LOW HITPOINT WARNING * * *
You take 8 damage, and have 3/85 hp.
Casting: Iskenderun's Mystic Blast (dangerous; 1% risk of failure)
Confirm with . or Enter, or press ? or * to list all spells.
Aiming: Searing Ray (safe; 1% risk of failure)
Press: ? - help, Shift-Dir - straight line, f - acid dragon
Aim: an acid dragon (severely wounded, 83% to hit)
Okay, then.
You feel better. The acid dragon bites you!
You die...

###########
#.........##########
#.........#........#
#.........#........#
+........@#........#
#.........D........#
#.........#........# ##
#####.........#.####...#
.###.....###'######## #.(.#
...#.....#..........+ .......
...#.....#..........#..........
...#.....#..........#......D...
...#.....#..........#..........


You could see an acid dragon.

Vanquished Creatures
  A two-headed ogre (D:8)
  Maurice (D:8)
  Maggie (D:7)
  An unseen horror (D:7)
  Sigmund (D:2)
  Eustachio (D:5)
  A yak (D:6)
  A steam dragon (D:8)
  Edmund (D:5)
  A water moccasin (D:5)
  An orc warrior (D:8)
  A black bear (D:5)
  3 centaurs
  An ogre (D:5)
  2 phantoms (D:5)
  Blork the orc (D:4)
  A kobold brigand (D:8)
  A bullfrog (D:6)
  7 scorpions
  8 wights
  6 killer bees (D:7)
  A howler monkey (D:5)
  5 orc priests
  A gnoll bouda (D:5)
  4 hounds
  4 jellies
  Crazy Yiuf (D:2)
  4 iguanas
  Jessica (D:2)
  6 orc wizards
  9 adders
  28 gnolls
  An ufetubus (D:5)
  A worm (D:2)
  2 dart slugs
  28 orcs
  6 ball pythons
  6 bats
  7 endoplasms
  4 giant cockroaches
  9 goblins
  8 hobgoblins
  12 jackals (D:5)
  A quokka (D:5)
  3 frilled lizards
  8 kobolds
  4 rats
206 creatures vanquished.

Notes
Turn   | Place    | Note
-------+----------+-------------------------------------------
     0 | D:1      | spardeous the Djinni Conjurer began the quest for the Orb.
     0 | D:1      | spardeous set off with the following spells memorised:
                  | Magic Dart, Searing Ray, Dazzling Flash, Fulminant Prism,
                  | Iskenderun's Mystic Blast.
     0 | D:1      | Reached XP level 1. HP: 15/15 MP: 0/0
   188 | D:1      | Reached XP level 2. HP: 18/21 MP: 0/0
   657 | D:2      | Found an ornate altar of the Wu Jian Council.
   781 | D:2      | Noticed Sigmund
   800 | D:2      | Reached XP level 3. HP: 21/25 MP: 0/0
   800 | D:2      | Learned a level 1 spell: Kiss of Death
   806 | D:2      | Killed Sigmund
   807 | D:2      | Reached skill level 5 in Spellcasting
   807 | D:2      | Reached XP level 4. HP: 5/31 MP: 0/0
   807 | D:2      | Reached XP level 5. HP: 6/35 MP: 0/0
   807 | D:2      | Learned a level 2 spell: Lesser Beckoning
   807 | D:2      | Reached XP level 6. HP: 7/40 MP: 0/0
   988 | D:2      | Noticed Jessica
  1003 | D:2      | Killed Jessica
  1197 | D:2      | Found a runed translucent door.
  1198 | D:2      | Noticed Crazy Yiuf
  1560 | D:2      | Killed Crazy Yiuf
  2375 | D:4      | Found Natrof's General Store.
  2378 | D:4      | Bought a scroll of identify for 26 gold pieces
  2378 | D:4      | Bought a scroll of identify for 26 gold pieces
  2378 | D:4      | Bought a potion of heal wounds for 65 gold pieces
  2470 | D:4      | Reached skill level 6 in Spellcasting
  2645 | D:4      | Found a glowing golden altar of the Shining One.
  2648 | D:4      | Found a shadowy altar of Dithmenos.
  2679 | D:4      | Reached XP level 7. HP: 39/45 MP: 0/0
  2679 | D:4      | Learned a level 3 spell: Frozen Ramparts
  2954 | D:4      | Noticed Blork the orc
  2961 | D:4      | Killed Blork the orc
  3078 | D:5      | Entered Level 5 of the Dungeon
  3482 | D:5      | Reached skill level 7 in Spellcasting
  3488 | D:5      | Reached XP level 8. HP: 33/50 MP: 0/0
  3833 | D:5      | Found a glowing silver altar of Zin.
  3983 | D:5      | Reached skill level 8 in Spellcasting
  4081 | D:5      | Noticed Eustachio
  4155 | D:5      | Killed Eustachio
  4561 | D:5      | Noticed Edmund
  4586 | D:5      | Killed Edmund
  4587 | D:5      | Reached XP level 9. HP: 43/55 MP: 0/0
  4587 | D:5      | Learned a level 4 spell: Passage of Golubria
  4733 | D:5      | Reached skill level 9 in Spellcasting
  5841 | D:6      | Reached skill level 10 in Spellcasting
  5926 | D:6      | Reached skill level 1 in Fighting
  6200 | D:6      | Found a staircase to the Ecumenical Temple.
  6230 | Temple   | Entered the Ecumenical Temple
  6554 | Temple   | Became a worshipper of Makhleb the Destroyer
  6912 | D:6      | Reached XP level 10. HP: 52/69 MP: 0/0
  7103 | D:5      | Reached skill level 5 in Fighting
  7907 | D:7      | Killed an unseen horror
  8312 | D:7      | Noticed Maggie
  8322 | D:7      | Killed Maggie
  8614 | D:8      | Noticed Maurice
  8640 | D:8      | Killed Maurice
  8813 | D:8      | Noticed a two-headed ogre
  8833 | D:8      | Killed a two-headed ogre
  8899 | D:8      | Reached XP level 11. HP: 68/85 MP: 0/0
  8899 | D:8      | Learned a level 5 spell: Summon Forest
  8987 | D:8      | HP: 3/85 [acid dragon (4)]
  8988 | D:8      | Slain by an acid dragon

Illustrated notes

Levels and vault maps discovered:
D:1:      kennysheep_arrival_forest, layout_basic
D:2:      layout_rooms, basic_altar, chequers_garden, uniq_crazy_yiuf_cottage,
          uniq_sigmund, uniq_jessica
D:3:      layout_basic
D:4:      layout_rooms, grunt_temple_overflow_diamond, serial_shops, shop,
          nicolae_figureground_sparkle, uniq_blork_the_orc
D:5:      lemuel_castle_with_subvaults [lemuel_castle_interior_carwin_1],
          layout_rooms, mainiacjoe_overflow_tiny_flanked, nzn_random_ring,
          uniq_eustachio, uniq_edmund
D:6:      layout_rooms, minmay_temple_entry_statues_fountains
D:7:      layout_loops_cross, mainiacjoe_overflow_small_starburst,
          due_unseen_surprise, uniq_maggie
D:8:      layout_gridville, kennysheep_generic_room_3, uniq_grum, uniq_joseph,
          uniq_maurice, uniq_erica
Temple:   compressed_dpeg_triangle_lava_temple

Skill      XL: |  1  2  3  4  5  6  7  8  9 10 |
---------------+-------------------------------+-----
Spellcasting   | 5 6 7 8 10 | 10.0
Fighting       | 4 9 |  9.8
Dodging        | |  2.1
Stealth        | |  1.5

Action                     |  1- 3 |  4- 6 |  7- 9 | 10-12 || total
---------------------------+-------+-------+-------+-------++-------
   Cast: Magic Dart        |    32 |    56 |   159 |    25 ||   272
         Searing Ray       |     2 |     7 |    63 |    23 ||    95
         Iskenderun's Myst |       |       |     9 |    38 ||    47
    Use: Scroll            |       |     6 |     1 |     4 ||    11
         Potion            |       |       |       |     1 ||     1
 Armour: Robe              |     3 |       |       |       ||     3
         Ring mail         |       |     4 |    25 |       ||    29
         Leather armour    |       |       |    18 |    15 ||    33
  Dodge: Dodged            |     4 |     7 |    67 |    25 ||   103
